 Dungeon Crawl Stone Soup version 0.14-a0-1499-g388a102 (webtiles) character file.

412 MirrMurr the Sneak (level 5, -2/24 HPs)
             Began as a Spriggan Enchanter on Dec 15, 2013.
             Killed by divine providence
             ... invoked by an orc priest
              (15 damage)
             ... on Level 4 of the Dungeon.
             The game lasted 00:09:58 (3117 turns).

MirrMurr the Sneak (Spriggan Enchanter)             Turns: 3117, Time: 00:09:58

HP  -2/24        AC  4     Str  5      XL: 5   Next: 48%
MP  14/14        EV 18     Int 16      God:
Gold 213         SH  0     Dex 17      Spells:  3 memorised,  3 levels left

rFire  . . .     SeeInvis +     a - +1 dagger
rCold  . . .     Clarity  .     b - +1 robe (curse)
rNeg   . . .     Conserve .     (shield restricted)
rPois  .         rCorr    .     (helmet restricted)
rElec  .         rRot     .     l - +0 orc cloak
SustAb . .       Spirit   .     (gloves unavailable)
rMut   .         Warding  .     (boots unavailable)
Saprov . . .     Stasis   .     (no amulet)
                                (no ring)
                                (no ring)

@: very quick, somewhat resistant to hostile enchantments, very stealthy
A: unfitting armour, see invisible, herbivore 3, speed 3, slow metabolism 2
a: no special abilities


You were on level 4 of the Dungeon.
You were full.

You visited 1 branch of the dungeon, and saw 4 of its levels.

You collected 213 gold pieces.

Inventory:

Hand weapons
 a - a +1,+1 dagger (weapon)
 h - a +0,+0 dwarven dagger
 n - a +1,+0 dwarven dagger
 o - a +1,+1 anti-magic dagger
 p - a +2,+2 dwarven dagger
Missiles
 d - 12 darts (quivered)
Armour
 b - a cursed +1 robe (worn)
 l - a +0 orcish cloak (worn)
Comestibles
 k - 2 bread rations
Scrolls
 f - a scroll of enchant weapon II {unknown}
 g - 3 scrolls of curse armour
 i - 5 scrolls of identify
 j - a scroll of magic mapping {unknown}
 q - a scroll of blinking {unknown}
 r - a scroll of remove curse {unknown}
 u - a scroll of recharging {unknown}
 y - 2 scrolls of teleportation {unknown}
 z - a scroll of curse jewellery {unknown}
 B - a scroll of fear {unknown}
 C - a scroll of fog {unknown}
Potions
 e - a potion of porridge
 m - 3 potions of heal wounds
 s - a potion of magic
 t - a potion of brilliance
 v - a potion of restore abilities {unknown}
 w - a potion of poison {unknown}
 x - 4 potions of curing {unknown}
Books
 c - a book of Maledictions

   Spells                             Type                      Level
   *Corona                            Hexes                        1
   Sure Blade                         Hexes/Charms                 2
   *Ensorcelled Hibernation           Hexes/Ice                    2
   *Confuse                           Hexes                        3
   Enslavement                        Hexes                        4
   Invisibility                       Hexes                        6


   Skills:
 + Level 3.3 Short Blades
 - Level 1.1 Throwing
 - Level 3.0 Dodging
 + Level 7.7 Stealth
 - Level 2.6 Spellcasting
 - Level 3.6 Hexes


You had 3 spell levels left.
You knew the following spells:

 Your Spells              Type           Power        Failure   Level  Hunger
a - Ensorcelled Hibernat  Hex/Ice        #.....       17%         2    ##.....
b - Confuse               Hex            ##......     14%         3    ###....
Z - Corona                Hex            ##.....      6%          1    #......


Dungeon Overview and Level Annotations

Branches:
Dungeon (4/16)
 Temple: D:4-7

Altars:
Makhleb


Innate Abilities, Weirdness & Mutations

You are tiny and cannot use many weapons and most armour.
You have supernaturally acute eyesight.
You are a herbivore.
You cover ground extremely quickly.
You need consume almost no food.


Message History

The orc wizard gestures wildly while chanting.
You feel troubled.
There is an open door here.
The orc priest mumbles some strange prayers to Beogh against you.
Pain shoots through your body!
There is an open door here.
You close the door.
You open the door.
There is a stone staircase leading up here.
You climb upwards.
There is a stone staircase leading down here.
You climb downwards.
There is a stone staircase leading up here.
There is an open door here.
The orc wizard gestures at you while chanting.
The puff of flame hits you!
The orc priest mumbles some strange prayers to Beogh against you.
Something smites you!
Ouch! That really hurt!
You die...

# .. .. #####'###
##+#### ....o...#
#.....# ........#
###.....#
.........###.'.<...#
.........@...#.....#
..o......#####.....#
######### #.....#
##'#### #..# #.##
#.# ##'#### #....(#


You could see an orc priest and an orc wizard.

Vanquished Creatures
  A centaur (D:3)
  An orc wizard (D:4)
  2 adders
  A giant mite (D:3)
  2 worms (D:3)
  An ooze (D:3)
  4 orcs
  5 bats
  A giant cockroach (D:3)
  4 hobgoblins
  8 jackals (D:3)
  A ball python (D:1)
  4 giant newts
  8 goblins
  5 kobolds
  3 rats
51 creatures vanquished.

Notes
Turn   | Place    | Note
--------------------------------------------------------------
     0 | D:1      | MirrMurr, the Spriggan Enchanter, began the quest for the Orb.
     0 | D:1      | Reached XP level 1. HP: 9/9 MP: 4/4
   202 | D:1      | Reached skill level 4 in Stealth
   331 | D:1      | Reached XP level 2. HP: 7/13 MP: 7/7
   335 | D:1      | Learned a level 2 spell: Ensorcelled Hibernation
   758 | D:1      | Reached skill level 5 in Stealth
   910 | D:2      | Reached XP level 3. HP: 16/16 MP: 6/9
  1483 | D:2      | Found a burning altar of Makhleb.
  1702 | D:3      | Reached skill level 6 in Stealth
  1983 | D:3      | Noticed a centaur
  2325 | D:3      | Killed a centaur
  2325 | D:3      | Reached skill level 7 in Stealth
  2325 | D:3      | Reached XP level 4. HP: 21/21 MP: 6/12
  2339 | D:3      | Learned a level 3 spell: Confuse
  2437 | D:3      | Reached XP level 5. HP: 19/24 MP: 11/14
  3117 | D:4      | Killed from afar by an orc priest

Action                   |  1- 3 |  4- 6 || total
-------------------------+-------+-------++-------
Melee: Dagger            |   131 |    65 ||   196
 Cast: Ensorcelled Hiber |     3 |    10 ||    13
       Confuse           |       |     6 ||     6
  Use: Scroll            |     2 |     1 ||     3
       Potion            |     1 |       ||     1
 Stab: Sleeping          |     8 |     6 ||    14
       Distracted        |     1 |       ||     1
       Confused          |       |     1 ||     1
